[ AOE2 MATCH · #504671151 ]
UnrankedMalians vs Spanish
Player's team · LOSS
Rival team · WIN
[ REPLAY ANALYSIS · EXTRACTED FROM THE RECORDED GAME ]
Feudal
14:05
Castle
21:05
Imperial
—
| APM avg | 64.0 |
| APM peak | 91 |
| eAPM avg | 33.4 |
| Villagers / military | 66 / 25 |
Focus
⚔️ 49.4% · 🌾 50.6%
Militia ×18 · Skirmisher ×4 · Monk ×3
Feudal
9:17
Castle
20:35
Imperial
—
| APM avg | 47.6 |
| APM peak | 94 |
| eAPM avg | 21.8 |
| Villagers / military | 58 / 13 |
Focus
⚔️ 31.2% · 🌾 68.8%
Archer ×7 · Knight ×4 · Monk ×2
Match map
Initial resources + every placement click. Lines = walls · curves = elevation contours. ◆ gold · ⬟ stone · ● berries · ✦ relic · ◌ wall gap
Your base· ✓ Closed at 21:05 · 62t walls · no gate
VNS TomNeva15's base· Open — opponent sealed themselves in
Smoothed initial terrain · ◌ = detected wall gap · hover for details
Inputs per minute
— Lespaul - - VNS TomNeva15
Build order — Lespaul
First 150 of 183 actions detected
| 0:00 | Queue | Villager (Male) |
| 0:01 | Build | House |
| 0:02 | Queue | Villager (Male) |
| 0:02 | Queue | Villager (Male) |
| 0:03 | Build | Outpost |
| 0:05 | Build | House |
| 0:11 | Build | House |
| 0:16 | Queue | Villager (Male) |
| 0:16 | Queue | Villager (Male) |
| 1:28 | Queue | Villager (Male) |
| 1:28 | Queue | Villager (Male) |
| 1:30 | Build | Lumber Camp |
| 1:59 | Queue | Villager (Male) |
| 1:59 | Queue | Villager (Male) |
| 2:35 | Queue | Villager (Male) |
| 2:35 | Queue | Villager (Male) |
| 3:02 | Queue | Villager (Male) |
| 3:02 | Queue | Villager (Male) |
| 3:16 | Build | House |
| 3:23 | Queue | Villager (Male) |
| 3:23 | Queue | Villager (Male) |
| 3:23 | Queue | Villager (Male) |
| 3:42 | Queue | Villager (Male) |
| 3:42 | Queue | Villager (Male) |
| 3:42 | Queue | Villager (Male) |
| 3:59 | Queue | Villager (Male) |
| 3:59 | Queue | Villager (Male) |
| 3:59 | Queue | Villager (Male) |
| 4:25 | Build | Barracks |
| 4:33 | Queue | Villager (Male) |
| 4:33 | Queue | Villager (Male) |
| 4:42 | Queue | Villager (Male) |
| 4:42 | Queue | Villager (Male) |
| 5:08 | Queue | Villager (Male) |
| 5:16 | Build | House |
| 5:31 | Queue | Militia |
| 5:33 | Queue | Villager (Male) |
| 5:36 | Queue | Villager (Male) |
| 5:49 | Queue | Militia |
| 5:49 | Queue | Militia |
| 6:02 | Queue | Militia |
| 6:04 | Queue | Villager (Male) |
| 6:39 | Queue | Militia |
| 6:52 | Build | House |
| 6:52 | Queue | Villager (Male) |
| 6:56 | Build | House |
| 6:58 | Build | Mill |
| 7:25 | Queue | Militia |
| 7:25 | Queue | Militia |
| 7:25 | Queue | Militia |
| 7:38 | Build | House |
| 7:38 | Queue | Villager (Male) |
| 7:38 | Queue | Villager (Male) |
| 7:39 | Queue | Villager (Male) |
| 8:03 | Queue | Villager (Male) |
| 8:03 | Queue | Villager (Male) |
| 8:06 | Queue | Villager (Male) |
| 8:06 | Queue | Villager (Male) |
| 8:09 | Build | Mill |
| 8:13 | Build | House |
| 8:41 | Queue | Villager (Male) |
| 8:44 | Queue | Villager (Male) |
| 8:51 | Build | House |
| 9:12 | Build | Palisade Wall |
| 9:14 | Build | Palisade Wall |
| 9:38 | Queue | Villager (Male) |
| 10:00 | Queue | Villager (Male) |
| 10:01 | Queue | Villager (Male) |
| 10:03 | Build | Mining Camp |
| 10:14 | Queue | Villager (Male) |
| 10:47 | Queue | Villager (Male) |
| 10:55 | Build | Lumber Camp |
| 11:02 | Build | Farm |
| 11:04 | Build | Farm |
| 11:26 | Research | Feudal Age |
| 11:26 | Research | Feudal Age |
| 11:30 | Research | Loom |
| 11:30 | Research | Loom |
| 11:30 | Research | Feudal Age |
| 11:30 | Research | Feudal Age |
| 11:31 | Research | Feudal Age |
| 11:43 | Build | Palisade Wall |
| 11:47 | Build | Palisade Wall |
| 11:50 | Queue | Villager (Male) |
| 11:53 | Build | Palisade Wall |
| 11:54 | Build | Palisade Wall |
| 11:59 | Build | Palisade Wall |
| 12:01 | Build | House |
| 12:08 | Build | Palisade Wall |
| 12:20 | Build | Farm |
| 12:22 | Build | Farm |
| 12:53 | Queue | Villager (Male) |
| 12:58 | Build | House |
| 13:07 | Queue | Villager (Male) |
| 13:15 | Build | Farm |
| 13:46 | Queue | Villager (Male) |
| 13:48 | Build | Farm |
| 13:50 | Build | Palisade Wall |
| 13:56 | Build | House |
| 14:03 | Build | Farm |
| 14:05 | Age | Feudal Age |
| 14:15 | Queue | Villager (Male) |
| 14:22 | Build | House |
| 14:35 | Build | Archery Range |
| 14:36 | Queue | Villager (Male) |
| 14:41 | Build | Farm |
| 14:47 | Build | Farm |
| 14:50 | Build | Palisade Wall |
| 14:59 | Build | Farm |
| 15:27 | Build | Farm |
| 15:29 | Queue | Villager (Male) |
| 15:37 | Queue | Skirmisher |
| 15:40 | Queue | Villager (Male) |
| 15:50 | Build | House |
| 15:52 | Queue | Villager (Male) |
| 16:01 | Build | Farm |
| 16:16 | Queue | Skirmisher |
| 16:30 | Queue | Villager (Male) |
| 16:32 | Build | Blacksmith |
| 16:40 | Queue | Skirmisher |
| 17:00 | Build | Palisade Wall |
| 17:15 | Queue | Skirmisher |
| 17:41 | Queue | Villager (Male) |
| 17:47 | Queue | Villager (Male) |
| 17:50 | Build | House |
| 17:57 | Build | Palisade Wall |
| 18:23 | Build | House |
| 18:25 | Research | Castle Age |
| 18:25 | Research | Castle Age |
| 18:26 | Research | Castle Age |
| 18:32 | Build | Lumber Camp |
| 18:47 | Research | Double-Bit Axe |
| 18:47 | Research | Double-Bit Axe |
| 18:54 | Build | Lumber Camp |
| 19:13 | Queue | Villager (Male) |
| 19:17 | Research | Scale Mail Armor |
| 19:30 | Queue | Militia |
| 19:34 | Build | Farm |
| 19:36 | Build | Farm |
| 19:40 | Build | Market |
| 19:57 | Research | Man-at-Arms (upgrade) |
| 19:57 | Research | Man-at-Arms (upgrade) |
| 20:00 | Build | Farm |
| 20:04 | Build | Farm |
| 20:07 | Build | Farm |
| 20:22 | Queue | Militia |
| 20:23 | Queue | Militia |
| 20:47 | Build | House |
| 20:50 | Queue | Militia |
| 20:54 | Build | Farm |
Build order — VNS TomNeva15
126 actions detected in the replay
| 0:02 | Queue | Villager (Male) |
| 0:02 | Queue | Villager (Male) |
| 0:02 | Queue | Villager (Male) |
| 0:03 | Build | House |
| 0:04 | Build | House |
| 0:21 | Queue | Villager (Male) |
| 0:22 | Queue | Villager (Male) |
| 1:27 | Queue | Villager (Male) |
| 1:27 | Queue | Villager (Male) |
| 1:51 | Build | Lumber Camp |
| 2:05 | Queue | Villager (Male) |
| 2:05 | Queue | Villager (Male) |
| 2:11 | Queue | Villager (Male) |
| 2:11 | Queue | Villager (Male) |
| 2:44 | Queue | Villager (Male) |
| 2:44 | Queue | Villager (Male) |
| 3:11 | Build | House |
| 3:13 | Build | House |
| 3:14 | Queue | Villager (Male) |
| 3:14 | Queue | Villager (Male) |
| 3:38 | Queue | Villager (Male) |
| 3:38 | Queue | Villager (Male) |
| 3:38 | Queue | Villager (Male) |
| 4:04 | Queue | Villager (Male) |
| 4:04 | Queue | Villager (Male) |
| 4:29 | Queue | Villager (Male) |
| 4:29 | Queue | Villager (Male) |
| 4:45 | Queue | Villager (Male) |
| 4:49 | Build | Mill |
| 5:25 | Queue | Villager (Male) |
| 5:25 | Queue | Villager (Male) |
| 5:31 | Queue | Villager (Male) |
| 5:32 | Research | Loom |
| 6:59 | Research | Feudal Age |
| 6:59 | Research | Feudal Age |
| 7:54 | Build | Barracks |
| 8:21 | Build | Palisade Gate |
| 8:25 | Build | Palisade Gate |
| 8:30 | Build | House |
| 8:39 | Build | Palisade Wall |
| 8:40 | Build | Palisade Wall |
| 8:53 | Queue | Villager (Male) |
| 9:17 | Age | Feudal Age |
| 9:21 | Build | Archery Range |
| 9:22 | Queue | Villager (Male) |
| 9:23 | Research | Double-Bit Axe |
| 9:49 | Queue | Archer |
| 9:53 | Queue | Archer |
| 10:05 | Queue | Villager (Male) |
| 10:05 | Queue | Villager (Male) |
| 10:14 | Build | House |
| 10:51 | Build | Blacksmith |
| 10:51 | Queue | Villager (Male) |
| 10:54 | Build | Farm |
| 10:54 | Build | Farm |
| 10:55 | Build | Farm |
| 11:06 | Build | Farm |
| 11:17 | Queue | Villager (Male) |
| 11:21 | Build | House |
| 11:41 | Queue | Villager (Male) |
| 11:46 | Build | Farm |
| 11:58 | Build | House |
| 12:14 | Build | Mining Camp |
| 12:27 | Build | Farm |
| 12:53 | Queue | Villager (Male) |
| 12:56 | Build | Mill |
| 13:05 | Queue | Archer |
| 13:13 | Research | Fletching |
| 13:35 | Build | Farm |
| 13:42 | Queue | Villager (Male) |
| 13:51 | Build | Farm |
| 13:53 | Queue | Villager (Male) |
| 13:56 | Build | House |
| 13:59 | Queue | Archer |
| 14:00 | Queue | Archer |
| 14:16 | Build | House |
| 14:23 | Queue | Villager (Male) |
| 14:25 | Build | Farm |
| 14:41 | Build | House |
| 14:43 | Build | Palisade Wall |
| 14:51 | Queue | Villager (Male) |
| 15:16 | Queue | Villager (Male) |
| 15:18 | Build | Farm |
| 15:20 | Build | Farm |
| 15:43 | Queue | Villager (Male) |
| 15:44 | Build | Farm |
| 15:45 | Build | Farm |
| 15:45 | Queue | Villager (Male) |
| 16:23 | Build | House |
| 16:24 | Build | House |
| 16:28 | Build | Farm |
| 16:28 | Queue | Villager (Male) |
| 17:43 | Build | Palisade Wall |
| 17:53 | Build | Mining Camp |
| 17:55 | Research | Castle Age |
| 17:55 | Queue | Villager (Male) |
| 17:55 | Research | Castle Age |
| 18:13 | Build | Stable |
| 18:15 | Build | Stable |
| 18:37 | Research | Scale Barding Armor |
| 18:37 | Research | Scale Barding Armor |
| 18:49 | Build | Farm |
| 19:01 | Research | Gold Mining |
| 19:12 | Research | Horse Collar |
| 19:12 | Research | Horse Collar |
| 19:20 | Queue | Archer |
| 19:26 | Queue | Villager (Male) |
| 19:41 | Build | Lumber Camp |
| 19:59 | Queue | Archer |
| 20:02 | Research | Forging |
| 20:03 | Research | Forging |
| 20:35 | Age | Castle Age |
| 20:36 | Queue | Knight ×4 |
| 20:57 | Queue | Villager (Male) |
| 21:03 | Build | Town Center |
| 22:02 | Build | Monastery |
| 22:07 | Queue | Villager (Male) ×5 |
| 22:07 | Queue | Villager (Male) ×5 |
| 22:08 | Queue | Villager (Male) |
| 22:32 | Queue | Villager (Male) |
| 22:32 | Queue | Villager (Male) |
| 22:45 | Queue | Monk |
| 22:45 | Queue | Monk |
| 22:47 | Build | Farm |
| 22:49 | Build | Farm |
| 23:08 | Build | Farm |
Match timeline
| 4:25 | Lespaul · first_building Barracks |
| 7:54 | VNS TomNeva15 · first_building Barracks |
| 8:39 | VNS TomNeva15 · wall_segment Palisade Wall x1 |
| 8:40 | VNS TomNeva15 · wall_segment Palisade Wall x1 |
| 9:12 | Lespaul · wall_segment Palisade Wall x1 |
| 9:14 | Lespaul · wall_segment Palisade Wall x1 |
| 9:17 | VNS TomNeva15 · age_up feudal |
| 9:21 | VNS TomNeva15 · first_building Archery Range |
| 11:43 | Lespaul · wall_segment Palisade Wall x4 |
| 11:47 | Lespaul · wall_segment Palisade Wall x12 |
| 11:53 | Lespaul · wall_segment Palisade Wall x10 |
| 11:54 | Lespaul · wall_segment Palisade Wall x1 |
| 11:59 | Lespaul · wall_segment Palisade Wall x11 |
| 12:08 | Lespaul · wall_segment Palisade Wall x9 |
| 13:50 | Lespaul · wall_segment Palisade Wall x7 |
| 14:05 | Lespaul · age_up feudal |
| 14:35 | Lespaul · first_building Archery Range |
| 14:43 | VNS TomNeva15 · wall_segment Palisade Wall x10 |
| 14:50 | Lespaul · wall_segment Palisade Wall x6 |
| 17:00 | Lespaul · wall_segment Palisade Wall x3 |
| 17:43 | VNS TomNeva15 · wall_segment Palisade Wall x1 |
| 17:57 | Lespaul · wall_segment Palisade Wall x2 |
| 18:13 | VNS TomNeva15 · first_building Stable |
| 20:35 | VNS TomNeva15 · age_up castle |
| 20:57 | Lespaul · first_market_sell 100 stone |
| 21:05 | Lespaul · age_up castle |
| 21:12 | Lespaul · first_building Siege Workshop |
| 21:47 | Lespaul · first_building Monastery |
| 22:02 | VNS TomNeva15 · first_building Monastery |
| 22:17 | Lespaul · wall_segment Palisade Wall x1 |
| 22:18 | Lespaul · wall_segment Palisade Wall x1 |
| 23:39 | Lespaul · resign |
[ AI ANALYSIS · 1 CREDIT ]
What really happened in this match?
Wolo.gg analyzes every decision: build order, eco, micro, common mistakes by bracket. Personalized analysis on WhatsApp or Discord in 30 seconds.
Civ guide
Malians
Perfil
Jugador #323632